omghax, neutral male scurrid Tourist --------- |.......+ |.......| |.*.'...+ |....@.$| --------- omghax the Rambler Experience level: 1 Strength: 13 Dexterity: 11 Constitution: 12 Intelligence: 13 Wisdom: 9 Charisma: 17 Health: 0(9) Energy: 2(2) Def: 0 Gold: 641 Moves: 36 Dungeon seed: TwMWeAd-JnWlER_K Game ID: omghax_1498611913 Your Inventory: Coins $ - 641 gold pieces Weapons a - 38 uncursed +2 darts (in quiver) Armor e - an uncursed +0 Hawaiian shirt (being worn) Comestibles b - an uncursed fortune cookie c - an uncursed chestnut d - an uncursed tin of spinach f - an uncursed tin of newt meat g - an uncursed apple h - an uncursed banana i - 2 uncursed tripe rations j - an uncursed candy bar k - an uncursed egg Scrolls m - 2 uncursed scrolls of magic mapping n - 2 blessed scrolls of magic mapping Potions l - 2 uncursed potions of extra healing Wands q - an uncursed wand of secret door detection (0:15) Tools o - an uncursed expensive camera (0:52) p - an uncursed credit card r - an uncursed tin opener Spells and supernatural/magical abilities: Name Level Category Fail Memory W - pray for help -- divine ? -- Your skills at the end: Miscellaneous Skills wands [Basic] Weapon Skills dart [Basic] Spellcasting Skills Final Attributes: You were devoutly aligned. You had infravision. You were very stealthy. You are dead. Vanquished creatures: a goblin a sewer rat 2 creatures vanquished. Voluntary challenges: You went without food. You did not adorn yourself with jewelry or accessories. You did not cause conflict. You were not invisible. You did not have reflection. You were not displaced. You were an atheist. You never hit with a wielded weapon. You were a pacifist. You did not use tools. You did not use plumbed fixtures. You did not drink any magical draughts. You were illiterate. You never genocided any monsters. You never polymorphed an object. You never changed form. You used no wishes. You never split a pudding. You never wrote Elbereth's name. You never violated your personal moral code. Dungeon overview: The Dungeons of Doom: levels 1 to 15 Level 1 a long staircase Level 2 Level 3 Level 4 Level 5 Level 6 Level 7 a long staircase Level 8 Level 9 Level 10 Level 11 Level 12 Level 13 Level 14 Level 15 <- You were here History has recorded: On T:1 you entered the Dungeons of Doom to retrieve the Amulet of Yendor! On T:5 you reached level 2 of The Dungeons of Doom. On T:7 you reached level 3 of The Dungeons of Doom. On T:10 you reached level 4 of The Dungeons of Doom. On T:12 you reached level 5 of The Dungeons of Doom. On T:14 you reached level 6 of The Dungeons of Doom. On T:16 you reached level 7 of The Dungeons of Doom. On T:19 you reached level 8 of The Dungeons of Doom. On T:21 you reached level 9 of The Dungeons of Doom. On T:23 you reached level 10 of The Dungeons of Doom. On T:27 you reached level 11 of The Dungeons of Doom. On T:29 you reached level 12 of The Dungeons of Doom. On T:31 you reached level 13 of The Dungeons of Doom. On T:34 you reached level 14 of The Dungeons of Doom. On T:36 you reached level 15 of The Dungeons of Doom. Score breakdown: Gold: 0 ( 0 points) Experience: 1 level ( 0 points) Exploration: 15 levels ( 420 points) Discoveries: 0 items ( 0 points) Variety of kills: 2 monsters ( 100 points) Major goal: (nothing yet) ( 0 points) Survival: died (score multiplied by 3) Total score: 1560 Latest messages: Look for a ...ic transporter. You couldn't quite make out that last message. You start digging downward. You continue digging downward. You dig a pit in the floor. You continue digging downward. You dig a hole through the floor. You fall through... You start digging downward. You continue digging downward. You dig a pit in the floor. You continue digging downward. You dig a hole through the floor. You fall through... You start digging downward. You continue digging downward. You dig a pit in the floor. You continue digging downward. You dig a hole through the floor. You fall through... The gold golem claws you! (2x) You die... Final status: Aloha omghax the Tourist, killed by a gold golem... You died in The Dungeons of Doom on dungeon level 15 with 1560 points, and 641 pieces of gold, after 36 moves. You were level 1 with a maximum of 9 hit points when you died.